cohdb
Replays
Latest Replays
All Replays
Popular Replays
Top Player Replays
Match Explorer
How It Works
Community
CoH3 Stats
Reddit
Sign in to upload your games and track your stats! →
Sign in with Steam
Match 42826406
Unlisted
Match 42826406
Overview
Messages
Build Orders
End
Vickers Machine Gun Team
Vickers Machine Gun Team
Royal Engineer Section
Construct Section Command Post
ML 3-inch Mortar Team
Infantry Section
Construct Field Infirmary
Construct Field Infirmary
Construct Platoon Command Post
Grenade Package
6-pounder Anti-tank Gun Team
CMP 15cwt Truck
6-pounder Anti-tank Gun Team
Infantry Section
6-pounder Anti-tank Gun Team
Construct Company Command Post
El Presidente
Emperor Trump
admiral_gnar
Jason_Beebe
THA DON MEGA
Cleopatra
0
0
Comments
sign in to comment!
No comments posted yet!